Frizzbo, neutral female gnomish Wizard ---------- #...<....*| ----------- ###|........| |..........# # ---------- |.........|# ### -.---------# # # # --------------- ### # # ##..............| # # ## # |..............### # #--------- ### |...>.........| ------.---- #........| # --------------- |.........s#####|.......|### |......).G| |.......|# ## |..........d####.........# ----------- --------- Frizzbo the Conjurer Experience level: 3 Strength: 10 Dexterity: 16 Constitution: 10 Intelligence: 18 Wisdom: 11 Charisma: 11 Health: 0(21) Energy: 23(35) Def: 2 Gold: 231 Moves: 1641 Dungeon seed: vshbFBEi_xdAFSe2 Game ID: Frizzbo_1465932975 Your Inventory: Coins $ - 231 gold pieces Weapons a - a blessed +1 quarterstaff t - an uncursed corroded +0 dagger (weapon in hand) Armor e - an uncursed +1 cloak of magic resistance (being worn) Comestibles o - 2 uncursed sprigs of wolfsbane Scrolls h - an uncursed scroll of enchant armor i - a blessed scroll of create monster m - a cursed scroll of earth u - an uncursed scroll of identify v - 2 uncursed scrolls of gold detection w - an uncursed scroll of blank paper x - an uncursed scroll of destroy armor Spellbooks j - a blessed spellbook of force bolt k - an uncursed spellbook of light Potions f - 2 uncursed potions of booze g - an uncursed potion of water z - an uncursed potion of invisibility Rings c - an uncursed ring of polymorph control d - an uncursed ring of see invisible n - a cursed ring of fire resistance Wands b - an uncursed wand of digging (0:7) Tools l - an uncursed magic marker (0:93) Gems r - an uncursed amber stone Spells and supernatural/magical abilities: Name Level Category Fail Memory a - force bolt 1 attack 0% 92% l - light 1 divination 0% 92% W - pray for help -- divine ? -- Your skills at the end: Fighting Skills Weapon Skills quarterstaff [Basic] Spellcasting Skills attack spells [Basic] enchantment spells [Basic] Final Attributes: You were piously aligned. You were magic-protected. You had infravision. You are dead. Vanquished creatures: a kitten an acid blob 2 coyotes a hobbit 2 giant rats 6 jackals a fox a kobold 2 goblins 3 sewer rats 4 grid bugs a lichen a kobold zombie 4 newts 30 creatures vanquished. Voluntary challenges: You were an atheist. You used a wielded weapon 32 times, starting on turn 122. You read items or engraved 2 times, starting on turn 1. You never genocided any monsters. You never polymorphed an object. You never changed form. You used no wishes. You never split a pudding. You never wrote Elbereth's name. You never violated your personal moral code. Dungeon overview: The Dungeons of Doom: levels 1 to 3 Level 1 some fountains a long staircase Level 2 a scroll shop, a sink Level 3 <- You were here a long staircase History has recorded: On T:1 you entered the Dungeons of Doom to retrieve the Amulet of Yendor! On T:639 you reached level 2 of The Dungeons of Doom. On T:720 you advanced to experience level 2. On T:929 you advanced to experience level 3. On T:1479 you reached level 3 of The Dungeons of Doom. Score breakdown: Gold: 231 ( 8046 points) Experience: 3 levels ( 7878 points) Exploration: 3 levels ( 5.88%) ( 6000 points) Discoveries: 3 items ( 1.04%) ( 3056 points) Valuables value: (no points given unless you survive) Artifact value: 0 ( 0 points) Variety of kills: 14 monsters ( 3.67%) ( 5750 points) Turncount: 1641 turns ( 0 points) Survival: died (score multiplied by 80%) Total score: 24584 Latest messages: You hit the coyote. The coyote bites! You hit the coyote. The coyote bites! You hit the coyote. The coyote bites! You miss the coyote. The coyote bites! You hit the coyote. The coyote bites! The spell hits the coyote! You kill the coyote! You hit the coyote. The coyote bites! You miss the coyote. The coyote just misses! The spell hits the coyote! You kill the coyote! Wait! There's something there you can't see! The cave spider bites! You die... Final status: Goodbye Frizzbo the Wizard, killed by a cave spider... You died in The Dungeons of Doom on dungeon level 3 with 24584 points, and 231 pieces of gold, after 1641 moves. You were level 3 with a maximum of 21 hit points when you died.